 Dungeon Crawl Stone Soup version 0.29.0-4-gdea44cf6ec (webtiles) character file.

Game seed: 12748563737729884029

1295 qw the Grappler (level 8, -7/66 HPs)
             Began as a Ghoul Enchanter on Sept 4, 2022.
             Was a Follower of Okawaru.
             Mangled by a wight
             ... wielding a +4 battleaxe
              (14 damage)
             ... on level 6 of the Dungeon.
             The game lasted 00:02:23 (6409 turns).

qw the Grappler (Ghoul Enchanter)                   Turns: 6409, Time: 00:02:24

Health: -7/66      AC: 17    Str: 14    XL:     8   Next: 56%
Magic:  8/10       EV:  7    Int: 19    God:    Okawaru [*.....]
Gold:   63         SH:  0    Dex:  6    Spells: 10/10 levels left

rFire   . . .      SeeInvis .     - Unarmed
rCold   + . .      Faith    .   (no shield)
rNeg    + + +      Spirit   .   g - +0 chain mail
rPois   inf        Reflect  .   n - +2 helmet {Int+3}
rElec   .          Harm     .   s - +0 cloak
rCorr   +          Rampage  .   (no gloves)
Will    .....                   u - +1 pair of boots
Stlth   ..........              (no amulet)
HPRegen 0.00/turn               k - ring of Ukitepnoty {Fly rCorr Int+6 Dex-3 Slay+4}
MPRegen 0.12/turn               (no ring)

@: about to teleport, heroic, flying, inhibited regen
A: claws 1, cold resistance 1, negative energy resistance 3, inhibited
regeneration, torment resistance 2, devour on kill
a: Renounce Religion, Heroism


You were on level 6 of the Dungeon.
You worshipped Okawaru.
Okawaru was aware of your devotion.
You visited 2 branches of the dungeon, and saw 7 of its levels.

You collected 318 gold pieces.
You spent 255 gold pieces at shops.


Innate Abilities, Weirdness & Mutations

You are immune to poison.
You have sharp fingernails.
Your flesh is cold resistant. (rC+)
You are immune to negative energy. (rN+++)
You do not regenerate when monsters are visible.
You are immune to unholy pain and torment.
You thrive by killing the living.


   Skills:
 - Level 4.1(9.1) Fighting
 - Level 0.8(5.8) Short Blades
 - Level 2.2(7.2) Throwing
 - Level 2.1(7.1) Armour
 - Level 1.7(6.7) Dodging
 - Level 3.2(8.2) Stealth
 + Level 8.0(13.0) Unarmed Combat
 - Level 1.7 Spellcasting
 - Level 2.4 Hexes
 - Level 4.1 Invocations


You had 10 spell levels left.
You didn't know any spells.
Your spell library contained the following spells:

 Spells                   Type           Power      Damage    Failure   Level
 Ensorcelled Hibernation  Hex/Ice        12%        N/A       96%         2
 Confusing Touch          Hex            10%        N/A       98%         3
 Dazzling Flash           Conj/Hex       12%        N/A       99%         3
 Tukima's Dance           Hex            Unusable   N/A       N/A         3

Inventory:

Missiles
 a - 9 boomerangs
 j - 2 silver javelins (quivered)
Armour
 g - a +0 chain mail (worn)
 n - a +2 helmet of intelligence (worn)
 s - a +0 cloak (worn)
 u - a +1 pair of boots (worn)
Jewellery
 d - a ring of ice
 k - the ring of Ukitepnoty (left claw) {Fly rCorr Int+6 Dex-3 Slay+4}
   (You acquired it on level 3 of the Dungeon)

   [ring of intelligence]

   Int:       It affects your intelligence (+6).
   Dex:       It affects your dexterity (-3).
   Slay:      It affects your accuracy & damage with ranged weapons and melee
   (+4).
   Fly:       It grants you flight.
   rCorr:     It protects you from acid and corrosion.
Scrolls
 b - a scroll of silence {unknown}
 c - a scroll of enchant weapon
 e - 2 scrolls of identify
 q - 2 scrolls of teleportation
Potions
 f - a potion of haste
 h - 3 potions of curing
 i - a potion of cancellation {unknown}
 l - a potion of degeneration {unknown}
 o - a potion of mutation {unknown}
 v - a potion of heal wounds {unknown}

Dungeon Overview and Level Annotations

Branches:
Dungeon (6/15)             Temple (1/1) D:4

Altars:
Ashenzari
Gozag
Hepliaklqana
Makhleb
Nemelex Xobeh
Okawaru
Qazlal
Ru
Sif Muna
Trog
Vehumet
Wu Jian
Xom
Yredelemnul

Shops:
D:3 *   D:5 ([**(


Message History

Items here: %% )).
You mangle the orc!!
You kill the orc!
Okawaru accepts your kill.
6398 ||| Stepping ~*~*~tactically~*~*~ (outnumbered).
6399 ||| Stepping ~*~*~tactically~*~*~ (outnumbered).
You claw the wight!
The wight is severely damaged.
6401 ||| Stepping ~*~*~tactically~*~*~ (outnumbered).
The wight hits you with a +4 mace of freezing!
The wight freezes you.
6402 ||| Stepping ~*~*~tactically~*~*~ (outnumbered).
The wight attacks as you move away! The wight hits you but does no damage.
You completely miss the wight.
The wight is severely damaged.
You claw the wight!
You destroy the wight!
Okawaru accepts your kill.
You feel like a meek peon again.
6405 ||| INVOKING Heroism.
You gain the combat prowess of a mighty hero.
The wight hits you but does no damage.
You claw the wight! Your claw misses the wight.
The wight is heavily damaged.
The wight hits you from afar with a +3 trident!
The wight hits you with a +0 morningstar.
You barely miss the wight.
The wight is heavily damaged.
The wight hits you from afar with a +3 trident.
The wight hits you but does no damage.
You claw the wight!
You destroy the wight!
Okawaru accepts your kill.
The wight hits you from afar with a +3 trident!
Your base Throwing skill increases to level 2!
6409 ||| READING 3 scrolls of teleportation.
As you read the scroll of teleportation, it crumbles to dust.
You feel strangely unstable. The wight closely misses you.
The wight hits you with a +4 battleaxe!
You die...

#. #### .# #...#
###### ##. #####
.###...# #.##.. #...#
..##....
#....####.#.####......
##...#...## #..#
#..#####..# #..# #.##
##.# #..# #.#
##.####).#
#.######.@#..z..#.
#.........zz#z.......
####.####...#...###.#
#.# #.#####.# #.#
#...#....# #.#
###.#.#.## #.# #.#.#.#
#.# #.#.# #.# #.#.#


You could see 2 wights.

Vanquished Creatures
  2 ogres (D:5)
  2 centaurs (D:6)
  A scorpion (D:6)
  2 wights (D:6)
  A howler monkey (D:4)
  4 orc priests
  2 hounds
  5 jellies
  5 iguanas
  3 orc wizards
  3 gnolls (D:3)
  6 adders
  A shadow imp (D:6)
  2 ufetubi
  3 worms
  4 dart slugs
  22 orcs
  8 ball pythons
  9 endoplasms
  2 giant cockroaches
  5 goblins
  5 hobgoblins
  4 jackals
  8 kobolds
  4 quokkas
  4 bats
  3 frilled lizards
  2 rats
122 creatures vanquished.

Notes
Turn   | Place    | Note
-------+----------+-------------------------------------------
     0 | D:1      | qw the Ghoul Enchanter began the quest for the Orb.
     0 | D:1      | Reached XP level 1. HP: 14/14 MP: 2/2
     0 | D:1      | 0 ||| qw: Version: 0.1-a-103-gd6f5d3a
     0 | D:1      | 0 ||| qw: Game counter: 5664
     0 | D:1      | 0 ||| qw: Always use a shield: true
     0 | D:1      | 0 ||| qw: God list: Okawaru
     0 | D:1      | 0 ||| qw: Allow faded altars: false
     0 | D:1      | 0 ||| qw: Do Orc after D:15 true
     0 | D:1      | 0 ||| qw: Do second Lair branch before Depths: true
     0 | D:1      | 0 ||| qw: Lair rune preference: random
     0 | D:1      | 0 ||| qw: Plans: Normal
     0 | D:1      | 0 ||| PLANNING D:1-11
     1 | D:1      | 1 ||| DROPPING +1 dagger.
   238 | D:1      | Reached skill level 1 in Unarmed Combat
   412 | D:1      | 412 ||| Stepping ~*~*~tactically~*~*~ (stealth).
   418 | D:1      | 418 ||| Stepping ~*~*~tactically~*~*~ (outnumbered).
   419 | D:1      | 419 ||| Stepping ~*~*~tactically~*~*~ (outnumbered).
   420 | D:1      | 420 ||| Stepping ~*~*~tactically~*~*~ (outnumbered).
   421 | D:1      | 421 ||| Stepping ~*~*~tactically~*~*~ (outnumbered).
   428 | D:1      | Reached XP level 2. HP: 13/22 MP: 3/3
   511 | D:1      | Reached skill level 1 in Fighting
   679 | D:1      | 679 ||| Stepping ~*~*~tactically~*~*~ (hiding).
  1309 | D:1      | Reached skill level 2 in Unarmed Combat
  1375 | D:1      | 1375 ||| Stepping ~*~*~tactically~*~*~ (outnumbered).
  1376 | D:1      | 1376 ||| Stepping ~*~*~tactically~*~*~ (outnumbered).
  1379 | D:1      | Reached XP level 3. HP: 28/28 MP: 4/4
  1427 | D:1      | 1427 ||| UPGRADING to +0 ring mail.
  1437 | D:1      | 1437 ||| DROPPING +0 robe.
  1438 | D:1      | 1438 ||| UPGRADING to +0 chain mail.
  1448 | D:1      | 1448 ||| DROPPING +0 ring mail.
  1449 | D:1      | 1449 ||| READING scroll labelled GUAKHL FEUD.
  1450 | D:1      | 1450 ||| DROPPING 2 potions of invisibility.
  1501 | D:2      | 1501 ||| Stepping ~*~*~tactically~*~*~ (stealth).
  1505 | D:2      | 1505 ||| Stepping ~*~*~tactically~*~*~ (outnumbered).
  1593 | D:2      | Identified the +1 ring mail of Beogh's Wrath {+Blink rF-
                  | rN+ Will+ Dex+3}
  1716 | D:2      | Reached skill level 3 in Unarmed Combat
  2026 | D:2      | Reached XP level 4. HP: 35/35 MP: 5/5
  2049 | D:2      | 2049 ||| UPGRADING to +0 helmet.
  2054 | D:2      | 2054 ||| DROPPING +1 ring mail of Beogh's Wrath {+Blink rF-
                  | rN+ Will+ Dex+3}.
  2055 | D:2      | 2055 ||| READING scroll labelled XIHEMIELET.
  2056 | D:2      | 2056 ||| READING scroll labelled TEFOIF DOETEO.
  2057 | D:2      | 2057 ||| READING 3 scrolls labelled KOBBI GON AGO.
  2058 | D:2      | 2058 ||| DROPPING 2 scrolls of butterflies.
  2074 | D:3      | 2074 ||| PLANNING SEWER
  2075 | D:3      | 2075 ||| STAIRDANCE
  2219 | D:3      | Found a shimmering blue altar of Sif Muna.
  2234 | D:3      | Found a bloodstained altar of Trog.
  2324 | D:3      | Found a sacrificial altar of Ru.
  2325 | D:3      | 2325 ||| Stepping ~*~*~tactically~*~*~ (stealth).
  2331 | D:3      | 2331 ||| Stepping ~*~*~tactically~*~*~ (outnumbered).
  2333 | D:3      | Reached skill level 1 in Armour
  2354 | D:3      | Reached skill level 4 in Unarmed Combat
  2668 | D:3      | Found Fet Isesh's General Store.
  2718 | D:3      | Found a faded altar of an unknown god.
  2798 | D:3      | Reached XP level 5. HP: 40/40 MP: 6/6
  2856 | D:3      | 2856 ||| RIP SEWER
  2857 | D:3      | 2857 ||| PLANNING D:1-11
  2999 | D:3      | 2999 ||| DROPPING ring of wizardry.
  3000 | D:3      | 3000 ||| READING scroll labelled QAMAPR TETULA.
  3306 | D:3      | 3306 ||| READING scroll labelled KEALAD AZENE.
  3306 | D:3      | Identified a scroll of acquirement
  3306 | D:3      | 3306 ||| ACQUIRING ring of Ukitepnoty {Fly rCorr Int+6
                  | Dex-3 Slay+4}
  3306 | D:3      | Acquired the ring of Ukitepnoty {Fly rCorr Int+6 Dex-3
                  | Slay+4}
  3308 | D:3      | 3308 ||| UPGRADING to ring of Ukitepnoty {Fly rCorr Int+6
                  | Dex-3 Slay+4}.
  3309 | D:3      | 3309 ||| READING 2 scrolls of identify.
  3309 | D:3      | 3309 ||| IDENTIFYING yellow potion
  3310 | D:3      | 3310 ||| DROPPING potion of attraction.
  3384 | D:4      | Found an opulent altar of Gozag.
  3386 | D:4      | Identified the +3 leather armour "Muilall" {Dex+3 SInv}
  3562 | D:4      | Reached skill level 5 in Unarmed Combat
  3635 | D:4      | Found a staircase to the Ecumenical Temple.
  3636 | D:4      | 3636 ||| PLANNING TEMPLE
  3636 | D:4      | 3636 ||| READING scroll labelled HUXZUN GACOJEU.
  3637 | D:4      | 3637 ||| DRINKING 2 fuming green potions.
  3638 | D:4      | 3638 ||| DROPPING potion of lignification.
  3640 | D:4      | 3640 ||| Stepping ~*~*~tactically~*~*~ (stealth).
  3641 | D:4      | 3641 ||| Stepping ~*~*~tactically~*~*~ (stealth).
  3663 | Temple   | Entered the Ecumenical Temple
  3722 | Temple   | Became a worshipper of Warmaster Okawaru
  3731 | Temple   | 3731 ||| PLANNING D:1-11
  4078 | D:4      | 4078 ||| Stepping ~*~*~tactically~*~*~ (stealth).
  4095 | D:4      | Reached XP level 6. HP: 47/48 MP: 7/7
  4171 | D:4      | 4171 ||| Stepping ~*~*~tactically~*~*~ (stealth).
  4173 | D:4      | 4173 ||| Stepping ~*~*~tactically~*~*~ (hiding).
  4187 | D:4      | 4187 ||| Stepping ~*~*~tactically~*~*~ (outnumbered).
  4323 | D:4      | Reached skill level 6 in Unarmed Combat
  4460 | D:4      | 4460 ||| DRINKING 2 green potions.
  4461 | D:4      | 4461 ||| DRINKING 3 fuming cyan potions.
  4462 | D:4      | 4462 ||| DRINKING 2 fizzy orange potions.
  4563 | D:4      | 4563 ||| DROPPING potion of ambrosia.
  4585 | D:5      | Entered Level 5 of the Dungeon
  4585 | D:5      | Found Lyam's Antique Weapon Boutique.
  4594 | D:5      | Reached skill level 3 in Fighting
  4594 | D:5      | 4594 ||| STAIRDANCE
  4724 | D:5      | 4724 ||| Stepping ~*~*~tactically~*~*~ (hiding).
  4726 | D:5      | 4726 ||| Stepping ~*~*~tactically~*~*~ (outnumbered).
  4732 | D:5      | 4732 ||| Stepping ~*~*~tactically~*~*~ (outnumbered).
  4734 | D:5      | 4734 ||| Stepping ~*~*~tactically~*~*~ (outnumbered).
  4735 | D:5      | 4735 ||| Stepping ~*~*~tactically~*~*~ (outnumbered).
  4736 | D:5      | 4736 ||| Stepping ~*~*~tactically~*~*~ (outnumbered).
  4737 | D:5      | 4737 ||| Stepping ~*~*~tactically~*~*~ (hiding).
  4740 | D:5      | 4740 ||| Stepping ~*~*~tactically~*~*~ (hiding).
  4741 | D:5      | Reached * piety under Okawaru
  4742 | D:5      | Reached XP level 7. HP: 37/57 MP: 8/8
  4742 | D:5      | 4742 ||| INVOKING Heroism.
  4755 | D:5      | Reached skill level 7 in Unarmed Combat
  5007 | D:5      | Found Vyeth's Assorted Antiques.
  5011 | D:5      | Found Racat's Assorted Antiques.
  5018 | D:5      | 5018 ||| BUYING glowing helmet (142 gold).
  5018 | D:5      | Bought a glowing helmet for 142 gold pieces
  5018 | D:5      | 5018 ||| BUYING sapphire potion (17 gold).
  5018 | D:5      | Bought a sapphire potion for 17 gold pieces
  5018 | D:5      | 5018 ||| BUYING scroll labelled ILIPAOXEHO (19 gold).
  5018 | D:5      | Bought a scroll labelled ILIPAOXEHO for 19 gold pieces
  5018 | D:5      | 5018 ||| BUYING scroll labelled ILIPAOXEHO (19 gold).
  5018 | D:5      | Bought a scroll labelled ILIPAOXEHO for 19 gold pieces
  5018 | D:5      | 5018 ||| SHOPLISTING scroll of teleportation (57 gold, have
                  | 42).
  5022 | D:5      | 5022 ||| SHOPLISTING 3 scrolls of identify (186 gold, have
                  | 42).
  5022 | D:5      | 5022 ||| SHOPLISTING pair of gloves (139 gold, have 42).
  5022 | D:5      | 5022 ||| SHOPLISTING scroll of identify (62 gold, have 42).
  5022 | D:5      | 5022 ||| SHOPLISTING twisted emerald ring (155 gold, have
                  | 42).
  5099 | D:5      | 5099 ||| Stepping ~*~*~tactically~*~*~ (stealth).
  5100 | D:5      | 5100 ||| INVOKING Heroism.
  5103 | D:5      | Reached skill level 1 in Invocations
  5109 | D:5      | 5109 ||| Stepping ~*~*~tactically~*~*~ (stealth).
  5118 | D:5      | 5118 ||| Stepping ~*~*~tactically~*~*~ (outnumbered).
  5124 | D:5      | 5124 ||| INVOKING Heroism.
  5176 | D:5      | Found Luhotwol's Armour Boutique.
  5188 | D:5      | 5188 ||| BUYING +0 cloak (58 gold).
  5188 | D:5      | Bought a +0 cloak for 58 gold pieces
  5188 | D:5      | 5188 ||| SHOPLISTING +0 pair of gloves (58 gold, have 8).
  5188 | D:5      | 5188 ||| SHOPLISTING +0 plate armour (299 gold, have 8).
  5188 | D:5      | 5188 ||| SHOPLISTING +0 tower shield of cold resistance
                  | (149 gold, have 8).
  5291 | D:5      | Found Menah's Weapon Emporium.
  5351 | D:5      | 5351 ||| INVOKING Heroism.
  5362 | D:5      | 5362 ||| Stepping ~*~*~tactically~*~*~ (stealth).
  5365 | D:5      | 5365 ||| Stepping ~*~*~tactically~*~*~ (stealth).
  5367 | D:5      | 5367 ||| Stepping ~*~*~tactically~*~*~ (stealth).
  5388 | D:5      | Found a hazy altar of Hepliaklqana.
  5713 | D:5      | 5713 ||| UPGRADING to +2 helmet of intelligence.
  5723 | D:5      | 5723 ||| DROPPING +0 helmet.
  5724 | D:5      | 5724 ||| UPGRADING to +0 cloak.
  5729 | D:5      | 5729 ||| UPGRADING to +1 pair of boots.
  5734 | D:5      | 5734 ||| READING scroll labelled ASUGET MITOKHA.
  5735 | D:5      | 5735 ||| READING scroll labelled YNWYIB MUIZXIL.
  5736 | D:5      | 5736 ||| READING 3 scrolls labelled ILIPAOXEHO.
  5737 | D:5      | 5737 ||| READING scroll labelled FATAASCHOMM.
  5738 | D:5      | 5738 ||| READING scroll labelled DANONUQ VEGHIP.
  5739 | D:5      | 5739 ||| DROPPING 2 scrolls of fear.
  5764 | D:6      | 5764 ||| STAIRDANCE
  5771 | D:6      | 5771 ||| STAIRDANCE
  5882 | D:6      | 5882 ||| Stepping ~*~*~tactically~*~*~ (hiding).
  5889 | D:6      | Reached skill level 3 in Invocations
  5889 | D:6      | Reached XP level 8. HP: 60/63 MP: 9/9
  5896 | D:6      | 5896 ||| Stepping ~*~*~tactically~*~*~ (stealth).
  6051 | D:6      | 6051 ||| INVOKING Heroism.
  6056 | D:6      | Reached skill level 8 in Unarmed Combat
  6109 | D:6      | 6109 ||| INVOKING Heroism.
  6379 | D:6      | 6379 ||| INVOKING Heroism.
  6382 | D:6      | Reached skill level 1 in Throwing
  6382 | D:6      | 6382 ||| Stepping ~*~*~tactically~*~*~ (hiding).
  6396 | D:6      | 6396 ||| Stepping ~*~*~tactically~*~*~ (outnumbered).
  6398 | D:6      | 6398 ||| Stepping ~*~*~tactically~*~*~ (outnumbered).
  6399 | D:6      | 6399 ||| Stepping ~*~*~tactically~*~*~ (outnumbered).
  6401 | D:6      | 6401 ||| Stepping ~*~*~tactically~*~*~ (outnumbered).
  6402 | D:6      | 6402 ||| Stepping ~*~*~tactically~*~*~ (outnumbered).
  6405 | D:6      | 6405 ||| INVOKING Heroism.
  6408 | D:6      | HP: 7/66 [wight/+3 trident (12)]
  6409 | D:6      | 6409 ||| READING 3 scrolls of teleportation.
  6409 | D:6      | Mangled by a wight

Levels and vault maps discovered:
D:1:      elethiomel_arrival_quiet, layout_basic
D:2:      layout_basic
D:3:      layout_loops_ring, mainiacjoe_overflow_catwalk,
          nicolae_ru_awakened_eye, overflow_temple_1_default, serial_shops,
          shop, hellmonk_ecumenical_altar_leap_of_faith,
          cheibrodos_sewer_entry_bend
D:4:      layout_basic, grunt_gozag_statues, minmay_temple_entry_mini_moons,
          feat_on_display
D:5:      layout_basic, nicolae_hepliaklqana_hippocampus, serial_shops,
          nicolae_lakefront_shop, nicolae_stop_n_shop_1, shop,
          nicolae_shop_crystal, shop
D:6:      layout_loops_ring, serial_co_window_serial, co_window_paths_a,
          co_window_paths_b, co_window_paths_a, co_window_corner_a,
          co_window_paths_a, co_window_cross_4, co_window_corner_b,
          co_window_corner_cb, co_window_paths_d, co_window_sun,
          glass_columns_c, glass_columns_b, minmay_misc_feat_iff,
          minmay_manual_mares, uniq_sigmund
Temple:   minmay_crystal_spiral_temple

Skill      XL: |  1  2  3  4  5  6  7  8 |
---------------+-------------------------+-----
Unarmed Combat | 1 2 3 4 5 6 7 8 |  8.0
Fighting       | 1 2 3 4 |  4.1
Armour         | 1 2 |  2.1
Invocations    | 3 4 |  4.1
Throwing       | 2 |  2.2
Short Blades   | |  0.8
Dodging        | |  1.7
Stealth        | |  3.2
Spellcasting   | |  1.7
Hexes          | |  2.4

Action                   |  1- 3 |  4- 6 |  7- 9 || total
-------------------------+-------+-------+-------++-------
Melee: Unarmed           |   121 |   212 |    97 ||   430
       Punch             |     3 |     4 |     4 ||    11
Throw: Boomerang         |       |    12 |    11 ||    23
       Javelin           |       |       |     1 ||     1
Invok: Heroism           |       |       |     8 ||     8
  Use: Scroll            |     1 |     7 |     6 ||    14
       Potion            |       |     4 |       ||     4
 Stab: Sleeping          |     2 |       |       ||     2
Armor: Robe              |     8 |       |       ||     8
       Chain mail        |    27 |    96 |    49 ||   172
Dodge: Dodged            |    43 |    48 |    30 ||   121

Table legend:
 A = Non-vault XP
 B = Vault XP
 C = Vault XP percentage of total XP
 D = Non-vault monster count
 E = Vault monster count
 F = Vault count percentage of total count
                 A         B        C        D         E       F
            +---------+---------+-------+---------+---------+-------
      Total |    1621 |     229 |  12.4 |     119 |       3 |   2.5
            +---------+---------+-------+---------+---------+-------
        D:1 |      37 |       0 |   0.0 |      20 |       0 |   0.0
        D:2 |      47 |       0 |   0.0 |      13 |       0 |   0.0
        D:3 |      92 |       5 |   5.2 |      23 |       1 |   4.2
        D:4 |     264 |       0 |   0.0 |      26 |       0 |   0.0
        D:5 |     712 |       0 |   0.0 |      23 |       0 |   0.0
        D:6 |     469 |     224 |  32.3 |      14 |       2 |  12.5
            +---------+---------+-------+---------+---------+-------
